[Event "WYCC 2018 O14"]
[Site "Halkidiki"]
[Date "2018.10.23"]
[Round "5"]
[White "Avila Pavas, Santiago"]
[Black "Zhukenov, Aituar"]
[Result "1-0"]
[ECO "A46"]
[WhiteElo "2277"]
[BlackElo "2025"]
[Annotator "NA"]
[PlyCount "111"]
[EventDate "2018.10.20"]
[EventType "swiss"]
[EventCountry "GRE"]
[SourceTitle "playchess.com"]
[Source "ChessBase"]
[SourceQuality "1"]
[TimeControl "40/5400+30:1800+30"]

1. d4 Nf6 2. Nf3 e6 3. g3 c5 4. Bg2 cxd4 5. Nxd4 d5 6. c4 e5 7. Nf3 d4 8. O-O {[%emt 0:32:10] LiveBook: 456 Games} Nc6 9. Bg5 Be7 10. e3 {[%emt 0:02:22] E01: Catalan: Early deviations} O-O 11. exd4 exd4 12. Nbd2 Qb6 $146 ({Predecessor:} 12... Be6 13. a3 a5 14. b3 Bf5 15. Re1 h6 16. Bxf6 Bxf6 17. c5 d3 18. Rb1 Ne7 {0-1 (60) Tunik,G (2384)-Edouard,R (2640) Minsk 2017}) 13. Qb3 Be6 14. Rfe1 h6 15. Bf4 Rac8 16. Ne5 Rfd8 17. Qxb6 axb6 18. Nb3 Nxe5 19. Bxe5 Rxc4 20. Red1 d3 21. Bxb7 Bf5 22. Ba6 Ra4 23. Bb5 Rb4 24. Bc6 $15 Rc4 25. Bb5 Rb4 26. Ba6 Ra4 27. Bb7 Bd6 28. Bc3 Ra7 29. Bc6 Rc7 30. Nd4 Bc5 31. Nxf5 Rxc6 32. Rac1 Ne4 33. Bd4 d2 34. Rc2 g6 35. Nxh6+ Kh7 36. Bxc5 Rxc5 37. Rxc5 Nxc5 38. Nxf7 Rd5 39. f4 Ne4 40. Ng5+ Nxg5 41. fxg5 Rxg5 42. Rxd2 Rc5 43. Kf2 Rc6 44. Kf3 Kg7 45. h4 Kf6 46. Rd5 Ke6 47. Rb5 Kd6 48. Kg4 Ke6 49. Kg5 Kf7 50. g4 Kg7 51. Rd5 Rc7 52. b4 Ra7 53. Rd6 Rxa2 54. Rxg6+ Kh7 55. Rxb6 Ra7 56. Kh5 1-0

[Event "WYCC 2018 O14"]
[Site "Halkidiki"]
[Date "2018.10.23"]
[Round "5"]
[White "Manafov, Vugar"]
[Black "Dao, Minh Nhat"]
[Result "0-1"]
[ECO "A05"]
[WhiteElo "2245"]
[BlackElo "1956"]
[Annotator "NA"]
[PlyCount "84"]
[EventDate "2018.10.20"]
[EventType "swiss"]
[EventCountry "GRE"]
[SourceTitle "playchess.com"]
[Source "ChessBase"]
[SourceQuality "1"]
[TimeControl "40/5400+30:1800+30"]

1. Nf3 Nf6 2. g3 d5 3. Bg2 c6 4. O-O Bf5 5. d3 e6 6. Nbd2 h6 7. b3 Be7 8. Bb2 O-O 9. c4 a5 10. Re1 {[%emt 0:00:42] LiveBook: 12 Games} a4 {[%emt 0:04:35] A12: English Opening: 1...c6 with b3 by White} (10... Bh7 11. e4 dxe4 12. dxe4 Na6 13. Ne5 Nd7 14. Nxd7 Qxd7 15. Qg4 f6 16. Nf3 Nc5 17. Rad1 Qe8 18. Nd4 Qf7 19. Bh3 e5 20. Ne6 h5 21. Qe2 Nxe6 22. Rd7 Nc5 23. Rc7 {0-1 (23) Bacrot,E (2718)-Wojtaszek,R (2744) Beijing 2014}) 11. h3 $146 ({Predecessor:} 11. e4 Bh7 12. e5 Nfd7 13. d4 a3 14. Bc3 Na6 15. c5 b6 16. b4 bxc5 17. dxc5 Naxc5 18. bxc5 Nxc5 19. Bf1 Na4 20. Rc1 c5 21. Ba1 {0-1 (33) Hengelbrock,J (2310)-Hovhannisyan,M (2458) Germany 2017}) 11... Bh7 12. Bc3 c5 13. e4 dxe4 14. dxe4 Nc6 15. e5 Nd7 16. Ne4 Bxe4 17. Rxe4 Ndb8 18. Qc1 axb3 19. axb3 Rxa1 $11 20. Qxa1 Na6 21. Bd2 Qd3 22. Re3 Qd7 23. Qb1 Nab4 24. Qe4 Ra8 25. h4 Ra1+ 26. Kh2 Ra2 27. Be1 Bf8 28. h5 b6 29. g4 Be7 30. g5 hxg5 31. Qg4 Qd1 32. h6 gxh6 33. Qh5 Qb1 34. Nh4 Qh7 35. f4 gxh4 36. Bxh4 Kf8 37. f5 Bxh4 38. fxe6 Rxg2+ 39. Kxg2 Qg6+ 40. Qxg6 fxg6 41. Rh3 Bg5 42. Rd3 Nxd3 0-1

[Event "WYCC 2018 O14"]
[Site "Halkidiki"]
[Date "2018.10.23"]
[Round "5"]
[White "Boyer, Mahel"]
[Black "Tsoi, Dmitry"]
[Result "0-1"]
[ECO "A04"]
[WhiteElo "2227"]
[BlackElo "2429"]
[Annotator "NA"]
[PlyCount "64"]
[EventDate "2018.10.20"]
[EventType "swiss"]
[EventCountry "GRE"]
[SourceTitle "playchess.com"]
[Source "ChessBase"]
[SourceQuality "1"]
[TimeControl "40/5400+30:1800+30"]

1. Nf3 f5 2. d4 Nf6 3. Bg5 d5 {[%emt 0:04:34] A80: Dutch Defence: Unusual White second moves} (3... e6 4. Nbd2 Be7 5. e3 b6 6. Bd3 Bb7 7. Bxf6 Bxf6 8. e4 fxe4 9. Bxe4 d5 10. Bd3 O-O 11. O-O Nc6 12. c3 Qd6 13. Re1 {0-1 (36) Andreikin,D (2705)-Kamsky,G (2676) Sochi 2017}) 4. Bxf6 exf6 5. e3 Be6 6. Bd3 {[%emt 0:07:02] LiveBook: 4 Games} Qd7 7. Nbd2 Nc6 $146 ({Predecessor:} 7... Bd6 8. O-O g5 9. c4 c6 10. Qc2 Na6 11. a3 Rc8 {1-0 (38) Buechtmann,S-Bergmann,J Ruhrgebiet 1999}) 8. c4 Nb4 9. Be2 dxc4 10. Nxc4 Be7 11. O-O O-O 12. Ne1 Rad8 13. a3 Nd5 14. Nd3 Rfe8 15. Qc2 b6 16. Rfd1 Bf8 17. b4 Qf7 18. Rac1 g6 19. Bf3 Kh8 $1 20. Nd2 Bd6 21. Nc4 Bf8 $14 22. Nd2 Re7 23. Nb1 Nxe3 24. fxe3 Bb3 25. Qc3 Bxd1 26. Bxd1 Qe8 27. Bb3 Bh6 28. Qc6 Bxe3+ 29. Kf1 Bxc1 30. Qxf6+ Rg7 31. Ne5 Rd6 32. Nf7+ Qxf7 0-1

[Event "WYCC 2018 O14"]
[Site "Halkidiki"]
[Date "2018.10.23"]
[Round "5"]
[White "Czopor, Maciej"]
[Black "Raja Rithvik R"]
[Result "1/2-1/2"]
[ECO "C81"]
[WhiteElo "2219"]
[BlackElo "2421"]
[Annotator "ChessBase"]
[PlyCount "122"]
[EventDate "2018.10.20"]
[EventType "swiss"]
[EventCountry "GRE"]
[SourceTitle "playchess.com"]
[Source "ChessBase"]
[SourceQuality "1"]
[TimeControl "40/5400+30:1800+30"]

1. e4 e5 2. Nf3 Nc6 3. Bb5 a6 4. Ba4 Nf6 5. O-O Nxe4 6. d4 b5 7. Bb3 d5 8. dxe5 Be6 9. Qe2 Bc5 10. Be3 O-O 11. Rd1 Re8 12. c4 bxc4 13. Bxc4 Bxe3 14. Qxe3 Qb8 15. Bb3 Qb6 16. Qxb6 cxb6 17. Na3 Rad8 18. Nc2 Nc5 19. Ncd4 Nb4 20. Ne1 Bg4 21. f3 Bh5 22. a3 Nxb3 23. Nxb3 Nc6 24. g4 Bg6 25. f4 Be4 26. Nd4 Nxd4 27. Rxd4 g5 28. fxg5 Rxe5 29. h4 Rd6 30. Kf2 f6 31. Nf3 Bxf3 32. Kxf3 fxg5 33. hxg5 Rxg5 34. Rc1 Rg7 35. Rcd1 Rgd7 36. Kf4 Kf7 37. g5 a5 38. b4 axb4 39. axb4 h6 40. gxh6 Rxh6 41. Rxd5 Rh4+ 42. Ke3 Rxd5 43. Rxd5 Rxb4 44. Kd2 Ke6 45. Rh5 Kd6 46. Kc3 Rg4 47. Kb3 Kc6 48. Rf5 Rd4 49. Rh5 Rd5 50. Rxd5 Kxd5 51. Kb4 Kc6 52. Kc4 b5+ 53. Kb4 Kb6 54. Kb3 Kc5 55. Kc3 b4+ 56. Kb3 Kb5 57. Kb2 Kc4 58. Kc2 b3+ 59. Kb1 Kc3 60. Kc1 b2+ 61. Kb1 Kb3 1/2-1/2

[Event "WYCC 2018 O14"]
[Site "Halkidiki"]
[Date "2018.10.23"]
[Round "5"]
[White "Tengis, Tsog-Ochir"]
[Black "Murzin, Volodar"]
[Result "1-0"]
[ECO "D11"]
[WhiteElo "2205"]
[BlackElo "2340"]
[Annotator "NA"]
[PlyCount "91"]
[EventDate "2018.10.20"]
[EventType "swiss"]
[EventCountry "GRE"]
[SourceTitle "playchess.com"]
[Source "ChessBase"]
[SourceQuality "1"]
[TimeControl "40/5400+30:1800+30"]

1. d4 d5 2. c4 c6 3. Nf3 Nf6 4. g3 Bf5 5. Bg2 e6 6. O-O Nbd7 7. Ne5 Bd6 8. f4 O-O 9. Nc3 Bb4 10. h3 Bxc3 11. bxc3 Nxe5 ({Black should try} 11... Qc7 $15) 12. dxe5 Nd7 13. g4 Bg6 $14 14. cxd5 cxd5 15. f5 exf5 16. gxf5 Bh5 17. Bf4 Re8 18. Qd4 Bxe2 19. Rf2 Bc4 20. Rb1 b6 21. Re1 Nc5 22. Re3 Rc8 23. e6 Ne4 24. Bxe4 dxe4 25. Bd6 Bxe6 26. fxe6 Rxe6 27. Bf4 Qe7 28. Rg3 Rg6 29. Rxg6 hxg6 30. Qe5 Qd7 31. Be3 Re8 32. Qf4 f6 33. Qg4 Qd3 34. Qxg6 Re7 35. Bd4 Qxh3 36. Rxf6 e3 37. Rd6 Qc8 38. Qg5 Qe8 39. Re6 Qf7 40. Rxe7 Qf2+ 41. Kh1 Qf1+ 42. Kh2 Qf2+ 43. Kh3 Qf3+ 44. Kh4 Qh1+ 45. Kg4 Qg2+ 46. Kf4 1-0

[Event "WYCC 2018 O14"]
[Site "Halkidiki"]
[Date "2018.10.23"]
[Round "5"]
[White "Juhasz, Agoston"]
[Black "Boulos, Carlos"]
[Result "1-0"]
[ECO "C48"]
[WhiteElo "2174"]
[BlackElo "2003"]
[Annotator "NA"]
[PlyCount "71"]
[EventDate "2018.10.20"]
[EventType "swiss"]
[EventCountry "GRE"]
[SourceTitle "playchess.com"]
[Source "ChessBase"]
[SourceQuality "1"]
[TimeControl "40/5400+30:1800+30"]

1. e4 e5 2. Nf3 Nc6 3. Nc3 Nf6 4. Bb5 Bd6 5. d3 a6 6. Ba4 O-O 7. Bg5 h6 8. Bh4 {[%emt 0:01:17] LiveBook: 5 Games} b5 9. Bb3 Be7 10. O-O Re8 11. Re1 $11 d6 12. a3 Bg4 13. Ne2 Bxf3 14. gxf3 g5 15. Bg3 h5 16. Qd2 Nh7 17. Bd5 Qd7 18. Qc3 Nd4 19. Nxd4 exd4 20. Qb3 h4 21. Bxf7+ Kg7 22. Bxe8 Rxe8 23. a4 Qh3 24. axb5 Rh8 25. e5 g4 26. Qe6 hxg3 27. Qxe7+ Kg6 28. Qe6+ Kh5 29. Qxg4+ Qxg4 30. fxg4+ Kxg4 31. Re4+ Kh3 32. fxg3 Ng5 33. Rh4+ Rxh4 34. gxh4 Nf3+ 35. Kf2 Nxe5 36. bxa6 1-0

[Event "WYCC 2018 O14"]
[Site "Halkidiki"]
[Date "2018.10.23"]
[Round "5"]
[White "Srihari L R"]
[Black "Tanriverdi, Enes"]
[Result "1-0"]
[ECO "A05"]
[WhiteElo "2170"]
[BlackElo "2317"]
[Annotator "NA"]
[PlyCount "75"]
[EventDate "2018.10.20"]
[EventType "swiss"]
[EventCountry "GRE"]
[SourceTitle "playchess.com"]
[Source "ChessBase"]
[SourceQuality "1"]
[TimeControl "40/5400+30:1800+30"]

1. Nf3 Nf6 2. c4 g6 3. b4 Bg7 4. Bb2 O-O 5. g3 d6 6. Bg2 e5 7. d3 Nc6 8. b5 Ne7 9. O-O {[%emt 0:00:08] LiveBook: 8 Games} h6 {[%emt 0:00:32] A05: Réti Opening: 1 Nf3 Nf6} 10. Nbd2 Be6 11. Qc2 Nd7 12. d4 f5 13. dxe5 dxe5 14. e4 f4 $1 15. c5 c6 16. Nc4 {[%emt 0:00:32] [#]} Qc7 $146 ({Predecessor:} 16... Qb8 17. b6 axb6 18. Nxb6 Nxb6 19. cxb6 {1-0 (42) Akopian,V (2673)-Tukhaev,A (2512) Plovdiv 2008}) (16... cxb5 $11 17. Ncxe5 Nxe5 18. Bxe5 Bxe5 19. Nxe5 Qc7) 17. b6 $1 Qb8 ({Black should try} 17... axb6 $14 18. cxb6 Nxb6 19. Bxe5 Bxe5 20. Ncxe5 fxg3) 18. a4 g5 19. Rfd1 Ng6 20. a5 g4 21. Ne1 h5 $16 22. Bf1 fxg3 23. hxg3 h4 24. Rd6 hxg3 25. fxg3 Rxf1+ 26. Kxf1 Qf8+ 27. Kg1 Nxc5 28. Ba3 Qf7 29. Bxc5 Bxc4 30. Bf2 Bb3 31. Qb2 Bc4 32. bxa7 c5 33. Qb6 Rf8 34. Qxc5 Ba6 35. Rxg6 Qxg6 36. Qxf8+ Bxf8 37. a8=Q Qxe4 38. Bc5 1-0

[Event "WYCC 2018 O14"]
[Site "Halkidiki"]
[Date "2018.10.23"]
[Round "5"]
[White "Krallis, Christos"]
[Black "Tsay, Vincent"]
[Result "1/2-1/2"]
[ECO "D02"]
[WhiteElo "2139"]
[BlackElo "2310"]
[Annotator "ChessBase"]
[PlyCount "160"]
[EventDate "2018.10.20"]
[EventType "swiss"]
[EventCountry "GRE"]
[SourceTitle "playchess.com"]
[Source "ChessBase"]
[SourceQuality "1"]
[TimeControl "40/5400+30:1800+30"]

1. d4 d5 2. Nf3 Nf6 3. c4 e6 4. e3 c5 5. a3 a6 6. dxc5 Bxc5 7. b4 Be7 8. Bb2 O-O 9. Nbd2 Nc6 10. Be2 Qc7 11. Qc2 Bd7 12. O-O Rac8 13. Rac1 Qb8 14. Qb3 Rfd8 15. c5 Be8 16. Nd4 Qa7 17. Nxc6 Bxc6 18. Bd4 Qb8 19. f4 Be8 20. Nf3 Ne4 21. Bd3 Bf8 22. Rc2 Qc7 23. Ne5 Kh8 24. Rfc1 f6 25. Nf3 Qc6 26. Ba1 Qa4 27. Qb2 Bb5 28. Bxb5 Qxb5 29. Nd4 Qd3 30. Qb3 Qxb3 31. Nxb3 Kg8 32. Na5 Rc7 33. Bd4 Rdc8 34. c6 bxc6 35. Rxc6 Bd6 36. Rxc7 Rxc7 37. Rxc7 Bxc7 38. Nc6 Kf7 39. a4 Ke8 40. b5 axb5 41. axb5 Kd7 42. Nb4 Bd6 43. Nd3 Kc7 44. g4 Nd2 45. Bc5 Nc4 46. Kf2 e5 47. Bxd6+ Kxd6 48. f5 Nb6 49. h4 Na4 50. h5 Nc3 51. b6 Na4 52. b7 Kc7 53. Nb4 Nc3 54. Nc6 Kxb7 55. Nd8+ Kc8 56. Ne6 Ne4+ 57. Ke2 Kd7 58. Nxg7 Ng5 59. Kd3 h6 60. Kc3 Ke7 61. Kb4 Ne4 62. Ne6 Nf2 63. Nc7 Kd6 64. Ne8+ Ke7 65. Nc7 d4 66. exd4 exd4 67. Nd5+ Kf7 68. Kc4 d3 69. Kc3 Nxg4 70. Kxd3 Ne5+ 71. Ke4 Nc4 72. Ne3 Nd6+ 73. Kd5 Ke7 74. Kc6 Ne4 75. Ng4 Kf8 76. Nxh6 Nf2 77. Kd7 Kg7 78. Ke6 Nd3 79. Ng4 Nf4+ 80. Ke7 Nxh5 1/2-1/2

[Event "WYCC 2018 O14"]
[Site "Halkidiki"]
[Date "2018.10.23"]
[Round "5"]
[White "Dwyer, Daniel"]
[Black "Turcan, Richard"]
[Result "1/2-1/2"]
[ECO "B23"]
[WhiteElo "2133"]
[BlackElo "2218"]
[Annotator "NA"]
[PlyCount "115"]
[EventDate "2018.10.20"]
[EventType "swiss"]
[EventCountry "GRE"]
[SourceTitle "playchess.com"]
[Source "ChessBase"]
[SourceQuality "1"]
[TimeControl "40/5400+30:1800+30"]

1. e4 c5 2. Nc3 g6 3. f4 Bg7 4. Nf3 Nc6 5. Bb5 d6 6. O-O Nf6 7. d3 Bd7 8. a4 {[%emt 0:11:35] LiveBook: 22 Games} a6 {[%emt 0:19:48] B23: Closed Sicilian: Lines without g3} (8... O-O 9. Bxc6 Bxc6 10. Qe1 e6 11. Kh1 b6 12. Bd2 Rc8 {½-½ (12) Hamdouchi,H (2600)-Edouard,R (2620) La Massana 2010}) 9. Bc4 Bg4 10. h3 Bxf3 11. Qxf3 O-O 12. Ne2 Rb8 $146 13. c3 b5 14. Ba2 Qb6 15. axb5 axb5 16. Be3 b4 17. d4 b3 $16 (17... cxd4 $11 {keeps the balance.} 18. cxd4 Nd7) 18. Bb1 cxd4 19. Nxd4 Nxd4 20. cxd4 Qb7 21. Bd3 Ra8 22. Bd2 Nd7 23. Bc3 Rxa1 24. Rxa1 Ra8 25. Qd1 Rxa1 26. Qxa1 Nf6 27. e5 dxe5 28. fxe5 Nd7 29. Qa3 e6 30. Bc4 Bf8 31. Qa4 Nb6 32. Qxb3 Qc6 33. Bd3 Bh6 34. Qb4 Be3+ 35. Kh1 Nd5 36. Qb8+ Kg7 37. Bb5 Qb6 38. Qxb6 Nxb6 39. Bc6 Nc4 40. d5 Bb6 41. d6 Kf8 42. Kh2 f6 43. exf6 Nxd6 44. g4 Kf7 45. Kg3 g5 46. b4 Bd8 47. b5 Nc8 48. Kf3 Bxf6 49. Ba5 Bd4 50. Ke4 Bf2 51. Bd2 h6 52. Be3 Bxe3 53. Kxe3 Ke7 54. Kd4 Kd6 55. Kc4 Nb6+ 56. Kd4 Nc8 57. Bb7 Nb6 58. Bc6 {[%emt 0:00:30] Ke5+ Ke4+} 1/2-1/2

[Event "WYCC 2018 O14"]
[Site "Halkidiki"]
[Date "2018.10.23"]
[Round "5"]
[White "Munshi, Aditya"]
[Black "Kouvidis, Ioannis"]
[Result "1/2-1/2"]
[ECO "C07"]
[WhiteElo "2133"]
[BlackElo "1896"]
[Annotator "NA"]
[PlyCount "98"]
[EventDate "2018.10.20"]
[EventType "swiss"]
[EventCountry "GRE"]
[SourceTitle "playchess.com"]
[Source "ChessBase"]
[SourceQuality "1"]
[TimeControl "40/5400+30:1800+30"]

1. e4 e6 2. d4 d5 3. Nd2 c5 4. exd5 Qxd5 5. Ngf3 cxd4 6. Bc4 Qd8 7. O-O Nc6 8. Qe2 a6 9. a4 Nf6 10. Nb3 d3 11. Bxd3 Bd6 12. Bg5 Qc7 13. g3 Bd7 14. Nbd4 Nxd4 15. Nxd4 Be5 16. c3 h6 17. Bd2 O-O 18. Rfe1 Bd6 19. c4 e5 20. Nf5 e4 21. Nxd6 Qxd6 22. Bc2 Bg4 23. Qe3 Bf3 24. Bd1 Qc6 25. Bxf3 exf3 26. Bc3 Rfe8 27. Qf4 Rxe1+ 28. Rxe1 Re8 29. Rxe8+ Nxe8 30. b3 Nc7 31. Qe5 Ne6 32. Qd5 Qb6 33. b4 Ng5 34. c5 Qg6 35. Qd1 Nh3+ 36. Kf1 Qe4 37. Bd4 Ng5 38. b5 Ne6 39. Be3 axb5 40. axb5 Qc4+ 41. Kg1 Qxb5 42. Qxf3 Nxc5 43. Bxc5 Qxc5 44. Qxb7 Qe5 45. Qc8+ Kh7 46. Qb7 Kg8 47. Kg2 g6 48. h3 h5 49. h4 Kg7 1/2-1/2

[Event "WYCC 2018 O14"]
[Site "Halkidiki"]
[Date "2018.10.23"]
[Round "5"]
[White "Risteski, Emil"]
[Black "Trushko, Andrii"]
[Result "1/2-1/2"]
[ECO "B12"]
[WhiteElo "2120"]
[BlackElo "1906"]
[Annotator "NA"]
[PlyCount "56"]
[EventDate "2018.10.20"]
[EventType "swiss"]
[EventCountry "GRE"]
[SourceTitle "playchess.com"]
[Source "ChessBase"]
[SourceQuality "1"]
[TimeControl "40/5400+30:1800+30"]

1. e4 c6 2. d4 d5 3. e5 Bf5 4. Nd2 e6 5. Nb3 c5 6. dxc5 Bxc5 7. Nxc5 Qa5+ 8. c3 Qxc5 9. Be3 Qc7 10. f4 Ne7 11. Nf3 Nbc6 12. Be2 O-O 13. O-O f6 14. exf6 Rxf6 15. Nd4 Be4 16. Bg4 Nf5 17. Nxf5 exf5 18. Bf3 Re8 19. Qd2 h6 20. Rae1 Rfe6 21. Bd1 Na5 22. Bd4 Nc4 23. Qf2 Bd3 24. Rxe6 Rxe6 25. Re1 Rxe1+ 26. Qxe1 Qxf4 27. Bb3 a6 28. h3 Be4 1/2-1/2

[Event "WYCC 2018 O14"]
[Site "Halkidiki"]
[Date "2018.10.23"]
[Round "5"]
[White "Rasti, Arvin"]
[Black "Naqopia, Giorgi"]
[Result "1/2-1/2"]
[ECO "C41"]
[WhiteElo "2064"]
[BlackElo "1857"]
[Annotator "NA"]
[PlyCount "160"]
[EventDate "2018.10.20"]
[EventType "swiss"]
[EventCountry "GRE"]
[SourceTitle "playchess.com"]
[Source "ChessBase"]
[SourceQuality "1"]
[TimeControl "40/5400+30:1800+30"]

1. d4 d6 2. e4 Nf6 3. Nc3 e5 4. Nf3 Nbd7 5. Bc4 Be7 6. O-O O-O 7. a4 a5 8. Re1 c6 9. h3 Qc7 10. Ba2 h6 11. Be3 Re8 12. Qd2 Nf8 13. Rad1 Bd7 14. Qe2 $14 (14. Bxh6 $16 gxh6 15. dxe5 (15. Qxh6 N6h7 $14) 15... dxe5 16. Qxh6) 14... Qb8 15. d5 c5 16. Bc4 g5 17. Nh2 Ng6 18. Bc1 Kh7 19. Bb5 Qc8 20. Bxd7 Qxd7 21. Ng4 Nxg4 22. Qxg4 Rad8 23. g3 Kg7 24. Kg2 Rh8 25. Qxd7 Rxd7 26. Nb5 Rdd8 27. Bd2 b6 28. Re3 Nf8 29. Rb3 Nd7 30. Na3 Rb8 31. Nc4 Rhc8 32. Bc3 f6 33. Rb5 Kf7 34. Rf1 Rg8 35. Ne3 Rg6 36. Bd2 Bd8 37. Nf5 Bc7 38. h4 h5 39. Rh1 g4 40. Ra1 Ra8 41. Ra3 Rb8 42. Rab3 Kf8 43. Kf1 Rg8 44. Ke2 Rh8 45. Ke1 Kf7 46. Nh6+ Kg6 47. Nf5 Kf7 48. Ne3 Rhc8 49. Nc4 Ke7 50. f3 Rg8 51. fxg4 Rxg4 52. Re3 f5 53. Re2 f4 54. gxf4 exf4 55. Rf2 Ne5 56. Nxe5 dxe5 57. c3 c4 58. b4 cxb3 59. Rxb3 Bd6 60. c4 Bc5 61. Bxa5 Bxf2+ 62. Kxf2 Rc8 63. Rxb6 Rxc4 64. Re6+ Kd7 65. Rxe5 Rxa4 66. Bb6 Rxh4 67. Bc5 Rc4 68. d6 Rc2+ 69. Kg1 Rc1+ 70. Kg2 Rc2+ 71. Kf3 Rc3+ 72. Kg2 f3+ 73. Kg1 f2+ 74. Kxf2 Rh2+ 75. Kg1 Rb2 76. Re7+ Kd8 77. Bf2 Rc1+ 78. Kg2 Rcc2 79. Rf7 Re2 80. d7 Rxf2+ 1/2-1/2

[Event "WYCC 2018 O14"]
[Site "Halkidiki"]
[Date "2018.10.23"]
[Round "5"]
[White "Antonica, Dragos-Andrei"]
[Black "Trifan, Andrei Ioan"]
[Result "1/2-1/2"]
[ECO "E71"]
[WhiteElo "2061"]
[BlackElo "2290"]
[Annotator "NA"]
[PlyCount "77"]
[EventDate "2018.10.20"]
[EventType "swiss"]
[EventCountry "GRE"]
[SourceTitle "playchess.com"]
[Source "ChessBase"]
[SourceQuality "1"]
[TimeControl "40/5400+30:1800+30"]

1. d4 Nf6 2. c4 g6 3. Nc3 Bg7 4. e4 d6 5. h3 O-O 6. Be3 e5 7. d5 a5 8. Nge2 {[%emt 0:05:24] E71: King's Indian: 4 e4 d6 5 h3} Na6 9. g4 c6 10. Ng3 cxd5 (10... Nc5 11. g5 Nfd7 12. h4 cxd5 13. Nxd5 Nb6 14. Nc3 Be6 15. b3 a4 {1-0 (36) Ding,L (2777)-Amonatov,F (2636) Riadh 2017}) 11. cxd5 Nc5 12. Be2 Bd7 13. Kf1 $146 ({Predecessor:} 13. h4 a4 14. f3 Qa5 15. Qd2 Rfc8 {½-½ (41) Dobrovoljc,V (2316)-Secheres,A (2408) Manavgat 2018}) 13... a4 14. Kg2 Qa5 15. a3 b5 16. g5 Ne8 17. h4 b4 18. Na2 bxa3 19. bxa3 f5 20. gxf6 Nxf6 21. f3 Nb3 22. Rb1 Be8 23. h5 Nxh5 24. Nxh5 gxh5 25. Nc1 $17 Rc8 26. Nxb3 axb3 27. Qxb3 Rc3 28. Bd2 Rxb3 29. Bxa5 Rxa3 30. Ra1 Rxa1 31. Rxa1 Rf6 32. Bd8 Rg6+ 33. Kf2 Bf6 34. Bxf6 Rxf6 35. Ra8 Rf8 36. Rd8 Bg6 37. Rxd6 Bxe4 38. Re6 Bxd5 39. Rxe5 1/2-1/2

[Event "WYCC 2018 O14"]
[Site "Halkidiki"]
[Date "2018.10.23"]
[Round "5"]
[White "Egorov, Mikhail"]
[Black "Ozenir, Ekin Baris"]
[Result "1/2-1/2"]
[ECO "A05"]
[WhiteElo "2006"]
[BlackElo "2293"]
[Annotator "NA"]
[PlyCount "128"]
[EventDate "2018.10.20"]
[EventType "swiss"]
[EventCountry "GRE"]
[SourceTitle "playchess.com"]
[Source "ChessBase"]
[SourceQuality "1"]
[TimeControl "40/5400+30:1800+30"]

1. Nf3 Nf6 2. c4 b6 3. g3 Bb7 4. Bg2 g6 5. Nc3 {[%emt 0:00:06] A15: English Opening: 1...Nf6} (5. d4 Bg7 6. O-O O-O 7. Qc2 a5 8. Nc3 Na6 9. a3 e6 10. e4 d6 11. Re1 Qe7 12. Rb1 Nb8 13. b4 axb4 14. axb4 Nbd7 15. Bd2 {1-0 (61) Oparin,G (2624)-Dubov,D (2703) Sochi 2018}) 5... e6 6. O-O Bg7 7. Re1 d5 8. cxd5 exd5 9. d4 O-O 10. b3 Ne4 11. Bb2 Nd7 $146 ({Predecessor:} 11... Nxc3 12. Bxc3 Nd7 13. Rc1 Rc8 14. b4 Qe7 {½-½ (29) Cosma,E (2324)-Daulyte,D (2427) Calimanesti Caciulata 2016}) 12. Rc1 f5 13. e3 c6 14. Ne2 g5 15. Rc2 Qe7 16. Nc1 g4 17. Nh4 Bh6 18. h3 Bg5 19. Bxe4 Qxe4 20. Ng2 Rae8 21. h4 Bh6 22. Nd3 c5 23. Ndf4 c4 24. b4 b5 25. Bc3 Nb6 26. Qd2 Na4 27. a3 Bc6 28. Ra2 Rf7 29. Rc1 Bf8 30. Qe1 Bd6 31. Bd2 Rb8 32. Qd1 Rff8 33. Ne2 Rb6 $17 34. Nc3 Nxc3 35. Bxc3 Ra6 36. Qd2 Be8 37. Nf4 Bf7 38. Qc2 Qxc2 39. Rcxc2 Ra4 40. Rcb2 Rb8 41. Kf1 Kf8 42. Ke2 Ke8 43. Kd2 Kd7 44. Kc1 Kc6 45. Kb1 a5 46. Ka1 Ra8 47. Kb1 Ra7 48. Bd2 Re7 49. Bc3 Re4 50. Kc1 Re8 51. Kb1 Ra8 52. Bd2 Ra6 53. Bc3 axb4 54. axb4 Ra3 55. Rxa3 Rxa3 56. Kc2 Kb6 57. Rb1 Ra2+ 58. Rb2 Ra4 59. Rb1 Ra7 60. Rb2 Ra1 61. Rb1 Ra8 62. Rb2 Re8 63. Kd2 Ra8 64. Kc2 Ra4 1/2-1/2

[Event "WYCC 2018 O14"]
[Site "Halkidiki"]
[Date "2018.10.23"]
[Round "5"]
[White "Nguyen, Huynh Minh Thien"]
[Black "Krastev, Alexander"]
[Result "0-1"]
[ECO "A04"]
[WhiteElo "1996"]
[BlackElo "2298"]
[Annotator "NA"]
[PlyCount "92"]
[EventDate "2018.10.20"]
[EventType "swiss"]
[EventCountry "GRE"]
[SourceTitle "playchess.com"]
[Source "ChessBase"]
[SourceQuality "1"]
[TimeControl "40/5400+30:1800+30"]

1. Nf3 c5 2. g3 g6 3. Bg2 Bg7 4. d4 cxd4 5. Nxd4 Nc6 6. Nxc6 bxc6 7. O-O Nf6 8. Nc3 O-O 9. e4 Qc7 10. Re1 d6 11. h3 Rb8 12. Rb1 Nd7 {[%emt 0:01:31] B70: Sicilian Dragon: 6 g3 and 6 Be2 (without a later Be3)} 13. Ne2 $146 ({Predecessor:} 13. Be3 Ne5 14. Qe2 Be6 15. b3 Nc4 16. Nd1 Qa5 17. c3 Nxe3 18. Qxe3 Qxa2 19. Nb2 Rxb3 20. Qc1 Rfb8 {0-1 (20) Bello Bello,P-Granero Roca,A (2388) Cala Galdana 1999}) 13... Nc5 14. b3 Ba6 15. Be3 Ne6 16. Nd4 Nc5 17. Ne2 Rfd8 18. Bd4 e5 19. Be3 Bc8 20. Qc1 Ne6 21. Rd1 a5 22. c3 Ba6 23. Qc2 Bb7 24. Rd2 Rd7 25. Rbd1 Rbd8 26. c4 c5 27. Nc3 Nd4 28. Bxd4 exd4 $15 29. Nd5 Bxd5 30. cxd5 a4 31. b4 c4 32. Qxa4 d3 33. Rc1 Bh6 34. f4 Qb6+ 35. Kh2 Rc7 36. Rdd1 g5 37. b5 Rdc8 38. fxg5 Bxg5 39. Rc3 Bf6 40. Rcc1 Bb2 41. Rb1 Be5 42. Kh1 Ra7 43. Qb4 Rxa2 44. Rf1 Qe3 45. Rf3 Qe2 46. Rg1 Bd4 0-1

[Event "WYCC 2018 O14"]
[Site "Halkidiki"]
[Date "2018.10.23"]
[Round "5"]
[White "Chatzieleftheriou, Andreas"]
[Black "Van Dael, Siem"]
[Result "1-0"]
[ECO "B76"]
[WhiteElo "1984"]
[BlackElo "2202"]
[Annotator "NA"]
[PlyCount "73"]
[EventDate "2018.10.20"]
[EventType "swiss"]
[EventCountry "GRE"]
[SourceTitle "playchess.com"]
[Source "ChessBase"]
[SourceQuality "1"]
[TimeControl "40/5400+30:1800+30"]

1. e4 c5 2. Nf3 d6 3. d4 cxd4 4. Nxd4 Nf6 5. Nc3 g6 6. Be3 Bg7 7. f3 O-O 8. Qd2 Nc6 9. g4 Nxd4 10. Bxd4 Be6 11. Nd5 Bxd5 12. exd5 Qd7 13. O-O-O Rfc8 14. Kb1 Qa4 15. b3 $14 Qa3 16. h4 a5 17. c4 a4 18. Bb2 Qc5 19. b4 Qc7 20. a3 b5 21. Rc1 bxc4 22. Bxc4 Qd7 23. h5 Rc7 24. hxg6 hxg6 25. Bd3 Rac8 26. Rxc7 Rxc7 27. b5 Rc5 28. Be2 Rxd5 29. Qb4 Rc5 30. b6 Qb7 31. Qxa4 Qxb6 32. Qa8+ Bf8 33. Rh8+ Kxh8 34. Qxf8+ Kh7 35. Qxf7+ Kh6 36. Qxe7 Re5 37. Qxf6 1-0

[Event "WYCC 2018 O14"]
[Site "Halkidiki"]
[Date "2018.10.23"]
[Round "5"]
[White "Unneland, Mathias"]
[Black "Marn, Jan"]
[Result "1/2-1/2"]
[ECO "D35"]
[WhiteElo "1884"]
[BlackElo "2125"]
[Annotator "NA"]
[PlyCount "74"]
[EventDate "2018.10.20"]
[EventType "swiss"]
[EventCountry "GRE"]
[SourceTitle "playchess.com"]
[Source "ChessBase"]
[SourceQuality "1"]
[TimeControl "40/5400+30:1800+30"]

1. d4 Nf6 2. c4 e6 3. Nc3 d5 4. cxd5 exd5 5. Bg5 Be7 6. e3 c6 7. Bd3 Ne4 8. Bxe7 Qxe7 9. Nge2 f5 10. O-O O-O 11. Re1 Nd7 12. f3 Nd6 13. Ng3 Nf6 14. e4 dxe4 15. fxe4 $11 f4 16. Nh5 Ng4 17. h3 Qg5 18. hxg4 Bxg4 19. Qb3+ Kh8 20. Nxf4 Qxf4 21. Be2 Qf2+ 22. Kh1 Bxe2 23. Rxe2 Qxd4 24. Rd1 Qe5 25. Qb4 Rf6 26. Qd4 Qh5+ 27. Kg1 Raf8 28. Re3 Nb5 29. Nxb5 Qxb5 30. e5 c5 31. Qg4 Rf1+ 32. Rxf1 Qxf1+ 33. Kh2 Qc1 34. Rf3 Qh6+ 35. Kg1 Qc1+ 36. Kh2 Qh6+ 37. Kg1 Qc1+ 1/2-1/2